 Dungeon Crawl Stone Soup version 0.31-a0-1370-gf52a5a9ab3 (webtiles) character file.

Game seed: 7677424082453970282

321 thinklincoln the Ruffian (level 6, -4/49 (61) HPs)
             Began as a Troll Monk on Dec 24, 2023.
             Was a Believer of Nemelex Xobeh.
             Slain by Duvessa
             ... wielding a +4 rapier of draining
              (16 damage)
             ... on level 4 of the Dungeon.
             The game lasted 00:13:41 (2238 turns).

thinklincoln the Ruffian (Troll Monk)               Turns: 2238, Time: 00:13:43

HP:   -4/49 (61)    AC:  6    Str: 22    XL:     6   Next: 22%
MP:   0/5           EV: 10    Int:  6    God:    Nemelex Xobeh [**....]
Gold: 140           SH:  0    Dex: 12    Spells: 5/5 levels left

rFire   . .          .
                       - Unarmed
rCold   . . .        c - orb {light}
rNeg    . . .        a - +0 robe
rPois   .            (helmet restricted)
rElec   .            d - +1 cloak
rCorr   .            (gloves unavailable)
SInv    +            (boots unavailable)
Will    .....        h - amulet of guardian spirit
Stlth   +            n - ring of see invisible
HPRegen 1.08/turn    (no ring)
MPRegen 0.09/turn

%: guardian spirit
@: glowing, heavily drained
A: large, unfitting armour, claws 3, regeneration 1, shaggy fur 1, tough skin 1
a: Renounce Religion, Draw Escape, Draw Destruction, Draw Summoning


You were on level 4 of the Dungeon.
You worshipped Nemelex Xobeh.
Nemelex Xobeh was pleased with you.
You visited 1 branch of the dungeon, and saw 4 of its levels.

You collected 179 gold pieces.
You spent 39 gold pieces at shops.

Inventory:

Hand Weapons
 j - a +1 whip of protection
Missiles
 f - 34 stones
Armour
 a - a +0 robe (worn)
 c - an orb of light (worn)
 d - a +1 cloak (worn)
 g - a +0 ring mail
Jewellery
 h - an amulet of guardian spirit (around neck)
 n - a ring of see invisible (left claw)
Scrolls
 e - a scroll of fear
 i - a scroll of silence
 l - a scroll of teleportation
Potions
 b - a potion of ambrosia
 k - a potion of heal wounds
 m - a potion of degeneration {unknown}
 o - a potion of curing {unknown}


   Skills:
 + Level 3.0 Fighting
 + Level 3.4 Dodging
 + Level 0.6 Stealth
 + Level 5.7 Unarmed Combat


You had 5 spell levels left.
You didn't know any spells.
Your spell library contained the following spells:

 Spells                   Type           Power      Damage    Failure   Level
 Vhi's Electric Charge    Tloc/Air       0%         N/A       99%         4
 Arcjolt                  Conj/Air       0%         1d10      100%        5
 Maxwell's Capacitive Co  Air            0%         ∞         100%        8


Dungeon Overview and Level Annotations

Branches:
Dungeon (4/15)
 Temple: D:4-7

Altars:
Nemelex Xobeh

Shops:
D:2 *

Annotations:
D:3 3 runed translucent doors, Lobster4's ghost, amateur HuFE
D:4 Duvessa


Innate Abilities, Weirdness & Mutations

You are too large for most types of armour.
You have claws for hands.
Your natural rate of healing is unusually fast.
You are covered in fur. (AC +1)
You have tough skin. (AC +1)


Message History

The electrical discharge engulfs the orc priest!!
You kill the orc priest!
You hear a distant scream of rage.
You feel a bit more experienced.
You hear mighty peals of thunder!
You hear a shout!
You have reached level 6!
You feel stronger.
Duvessa, Sister of Dowan comes into view.
She is wielding a +4 rapier of draining.
Duvessa goes berserk!
Found two daggers.
Duvessa rages.
You scratch Duvessa but do no damage.
Duvessa is heavily wounded.
Duvessa completely misses you.
You scratch Duvessa.
Duvessa is heavily wounded.
Duvessa hits you with a +4 rapier of draining!
You feel drained. Duvessa misses you. Duvessa closely misses you.
Duvessa completely misses you. Duvessa barely misses you.
Duvessa hits you with a +4 rapier of draining.
You feel drained. Duvessa attacks as she pursues you!
Duvessa completely misses you.
Duvessa hits you with a +4 rapier of draining!!
You feel drained.
You scratch Duvessa but do no damage.
Duvessa is heavily wounded.
Duvessa hits you with a +4 rapier of draining!!
* * * LOW HITPOINT WARNING * * *
You feel drained.
* * * LOW HITPOINT WARNING * * *
You feel much better.
Duvessa hits you with a +4 rapier of draining!!
* * * LOW HITPOINT WARNING * * *
You feel drained.
* * * LOW HITPOINT WARNING * * *
Duvessa hits you with a +4 rapier of draining!
You die...
Your body disappears without additional glow.

#...## #..##........
##..# ##...........#
##..# #......#... ..
#...# #......#.
..8##...####..........
#......#..........(#....
######.)...........#.....
#####.#.....e.....##...#
#........<#.@........#.#
#.####..†.......#### ..#
###......### ###..###
####


You could see Duvessa (berserk).

Vanquished Creatures
  Dowan (D:4)
  2 orc priests (D:4)
  Natasha (D:2)
  An orc wizard (D:4)
  3 gnolls (D:3)
  5 adders
  A worm (D:2)
  5 dart slugs
  4 orcs
  5 bats
  6 endoplasms
  3 giant cockroaches
  8 goblins
  3 hobgoblins
  6 kobolds
  4 quokkas
  6 ball pythons
  4 frilled lizards
  6 rats
74 creatures vanquished.

Notes
Turn   | Place    | Note
-------+----------+-------------------------------------------
     0 | D:1      | thinklincoln the Troll Monk began the quest for the Orb.
     0 | D:1      | Reached XP level 1. HP: 22/22 MP: 0/0
    61 | D:1      | Reached XP level 2. HP: 29/29 MP: 1/1
   406 | D:1      | Reached XP level 3. HP: 36/36 MP: 2/2
   951 | D:2      | Reached XP level 4. HP: 44/44 MP: 3/3
   976 | D:2      | Found Gatutzob's Assorted Antiques.
   985 | D:2      | Reached skill level 4 in Unarmed Combat
  1001 | D:2      | Bought 2 white potions for 39 gold pieces
  1044 | D:2      | Noticed Natasha
  1049 | D:2      | Killed Natasha
  1301 | D:3      | Noticed Lobster4's ghost (amateur HuFE)
  1315 | D:3      | Found a runed translucent gate.
  1315 | D:3      | Found a runed translucent gate.
  1315 | D:3      | Found a runed translucent gate.
  1716 | D:3      | Found a sparkling altar of Nemelex Xobeh.
  1724 | D:3      | Became a worshipper of Nemelex Xobeh the Trickster
  1724 | D:3      | Reached * piety under Nemelex Xobeh
  1724 | D:3      | Received a gift from Nemelex Xobeh
  1724 | D:3      | Reached ** piety under Nemelex Xobeh
  1820 | D:3      | Reached XP level 5. HP: 53/53 MP: 4/4
  2192 | D:4      | Reached skill level 5 in Unarmed Combat
  2221 | D:4      | Killed Dowan
  2222 | D:4      | Reached XP level 6. HP: 57/61 MP: 5/5
  2222 | D:4      | Noticed Duvessa
  2237 | D:4      | HP: 1/52 [Duvessa/+4 rapier of draining (7)]
  2238 | D:4      | Slain by Duvessa

Illustrated notes

Levels and vault maps discovered:
D:1:      heliophobic_arrival_henge, layout_rooms, nicolae_eternal_life,
          minmay_misc_feat_four_crosses, solitary_fountain,
          minmay_strange_pillars, minmay_nonomino_d4
D:2:      layout_loops_ring, serial_shops, shop_fountains, uniq_natasha
D:3:      minmay_bubble_buster, layout_loops_cross, nemelex_spade_bored_becter,
          gammafunk_ghost_split, grunt_decor_one_mirror, nicolae_the_louvre
D:4:      layout_basic, minitemple, st_stairs_10, skrybe_limestone_x,
          minmay_misc_feat_x, minmay_misc_feat_iff, uniq_duvessa, uniq_ijyb,
          uniq_blork_the_orc

Skill      XL: |  1  2  3  4  5 |
---------------+----------------+-----
Dodging        | 3 |  3.4
Unarmed Combat | 4 5 |  5.7
Fighting       | 3 |  3.0
Stealth        | |  0.6

Action                     |  1- 3 |  4- 6 || total
---------------------------+-------+-------++-------
  Melee: Unarmed           |    57 |    70 ||   127
 Invoke: Draw Destruction  |       |     1 ||     1
    Use: Scroll            |     3 |     5 ||     8
         Potion            |     3 |     1 ||     4
 Armour: Robe              |    33 |    46 ||    79
  Dodge: Dodged            |    35 |    38 ||    73

Table legend: (Time is in decaauts)
 A = Elapsed time spent in this place.
 B = Non-inter-level travel time spent in this place.
 C = Inter-level travel time spent in this place.
 D = Time resting spent in this place.
 E = Time spent auto-exploring this place.
 F = Levels seen in this place.
 G = Mean time per level.
                   A        B        C        D        E       F      G
               +--------+--------+--------+--------+--------+-----+--------+
         Total |   2227 |   2227 |      0 |     26 |   1368 |   4 |  556.8 |
       Dungeon |   2227 |   2227 |      0 |     26 |   1368 |   4 |  556.8 |
               +--------+--------+--------+--------+--------+-----+--------+

Top non-repeatable levels by time:
     D:3: 878 daAuts
     D:1: 693 daAuts
     D:2: 597 daAuts
     D:4: 58 daAuts
